 Dungeon Crawl Stone Soup version 0.23-a0-584-g44dd78f (webtiles) character file.

41 Leeroy the Charmwright (level 3, -1/31 HPs)
             Began as a Gnoll Skald on Dec 17, 2018.
             Slain by an orc wizard
             ... wielding a +0 dagger
              (2 damage)
             ... on level 2 of the Dungeon.
             The game lasted 00:04:55 (1638 turns).

Leeroy the Charmwright (Gnoll Skald)                Turns: 1638, Time: 00:04:57

Health: -1/31      AC:  6    Str: 12 (13) XL:     3   Next: 52%
Magic:  9/9        EV: 12    Int: 14 (16) God:
Gold:   101        SH:  0    Dex: 12 (14) Spells: 1/12 levels left

rFire    . . .     SeeInvis .   a - +0 falchion
rCold    . . .     Gourm    .   (no shield)
rNeg     . . .     Faith    .   l - +0 ring mail
rPois    .         Spirit   .   t - +0 helmet
rElec    .         Reflect  .   (no cloak)
rCorr    .         Harm     .   (no gloves)
MR       .....                  (no boots)
Stlth    +.........             (no amulet)
HPRegen  0.10/turn              (no ring)
MPRegen  0.11/turn              (no ring)

@: very slightly contaminated
A: distributed training, fangs 1, strong nose
a: no special abilities


You were on level 2 of the Dungeon.
You were hungry.

You visited 1 branch of the dungeon, and saw 3 of its levels.

You collected 101 gold pieces.

Inventory:

Hand Weapons
 a - a +0 falchion (weapon)
 e - a +0 dagger
 n - a +0 hunting sling
 q - a +0 dagger
Missiles
 c - 17 poisoned needles
 f - 72 stones (quivered)
 u - 6 bolts
Armour
 b - a +0 leather armour
 j - a +0 scale mail
 k - a cursed +0 pair of gloves
 l - a +0 ring mail (worn)
 t - a +0 helmet (worn)
Scrolls
 g - 2 scrolls of enchant armour {unknown}
 i - 3 scrolls of remove curse {unknown}
 o - 2 scrolls of teleportation {unknown}
 p - 4 scrolls of identify {unknown}
 r - a scroll of random uselessness {unknown}
Comestibles
 d - 4 rations


   Skills:
 + Level 4.5 Fighting
 + Level 0.8 Short Blades
 + Level 4.5 Long Blades
 + Level 0.8 Axes
 + Level 0.8 Maces & Flails
 + Level 0.8 Polearms
 + Level 0.8 Staves
 + Level 0.8 Slings
 + Level 0.8 Bows
 + Level 0.8 Crossbows
 + Level 0.8 Throwing
 + Level 2.6 Armour
 + Level 4.5 Dodging
 + Level 0.8 Stealth
 + Level 0.8 Shields
 + Level 0.8 Unarmed Combat
 + Level 5.0 Spellcasting
 + Level 0.5 Conjurations
 + Level 0.5 Hexes
 + Level 5.4 Charms
 + Level 0.5 Summonings
 + Level 0.5 Necromancy
 + Level 0.5 Translocations
 + Level 0.5 Transmutations
 + Level 0.5 Fire Magic
 + Level 0.5 Ice Magic
 + Level 0.5 Air Magic
 + Level 0.5 Earth Magic
 + Level 0.5 Poison Magic
 + Level 1.0 Invocations
 + Level 0.8 Evocations


You had one spell level left.
You knew the following spells:

 Your Spells              Type           Power        Failure   Level  Hunger
a - Infusion              Chrm           ###.         4%          1    None
b - Song of Slaying       Chrm           ###.....     6%          2    ##.....
c - Shroud of Golubria    Chrm/Tloc      ##........   17%         2    ##.....
d - Regeneration          Chrm/Necr      ##........   32%         3    ###....
e - Spectral Weapon       Hex/Chrm       ##......     32%         3    ###....

Your spell library contained the following spells:

 Spells                   Type           Power        Failure   Level  Hunger


Dungeon Overview and Level Annotations

Branches:
Dungeon (3/15)

Altars:
Nemelex Xobeh
Xom


Innate Abilities, Weirdness & Mutations

Your experience applies equally to all skills.
You have very sharp teeth.
Your uncanny sense of smell can sniff out nearby items.


Message History

The orc is heavily wounded.
The orc hits you with a cursed -1 hand axe.
Something hits you but does no damage.
You hit the orc but do no damage.
The orc is heavily wounded.
The orc hits you with a +0 mace. The orc barely misses you. Something hits you.
Your song has ended.
The orc hits you but does no damage. The orc misses you.
Something hits you but does no damage.
You climb upwards.
Reactivating autopickup.
There is a stone staircase leading down here.
Deactivating autopickup; reactivate with Ctrl-A.
You closely miss something. You bite something.
The orc hits you with a cursed -1 hand axe!
* * * LOW HITPOINT WARNING * * *
The orc hits you with a +0 mace.
* * * LOW HITPOINT WARNING * * *
Something hits you.
You die...

##############
#............# ######
#.##.##.####.# #.....
#.##.##.# #.# #.####
#....##.####.# ####.####
#.........##.######.......#
##
#....##..o@.........##.##.#
.#
#.#..##..o##.#...#####.##.#
.# #.#...............#
#.##.# .#
#.......######...## #.....
.# ###.##### ##.## ####.#
.## #.# #.# #.# ..# #.# #.#
#.# #.# #.# ##+## #.. #.#
#.# ##...## ###


You could see 2 orcs.

Vanquished Creatures
  An adder (D:2)
  An ooze (D:1)
  An orc (D:3)
  A giant cockroach (D:1)
  4 goblins
  2 hobgoblins
  A ball python (D:2)
  7 bats
  3 frilled lizards
  2 kobolds (D:1)
  5 rats
28 creatures vanquished.

Notes
Turn   | Place    | Note
-------+----------+-------------------------------------------
     0 | D:1      | Leeroy the Gnoll Skald began the quest for the Orb.
     0 | D:1      | Reached XP level 1. HP: 20/20 MP: 6/6
   131 | D:1      | Reached XP level 2. HP: 14/26 MP: 7/7
   136 | D:1      | Learned a level 2 spell: Song of Slaying
   139 | D:1      | Learned a level 2 spell: Shroud of Golubria
   392 | D:1      | Found a sparkling altar of Nemelex Xobeh.
   777 | D:2      | Reached skill level 5 in Spellcasting
   777 | D:2      | Reached XP level 3. HP: 17/31 MP: 7/9
   782 | D:2      | Learned a level 3 spell: Regeneration
   787 | D:2      | Learned a level 3 spell: Spectral Weapon
  1473 | D:2      | Found a shimmering altar of Xom.
  1620 | D:3      | Reached skill level 1 in Invocations
  1638 | D:2      | HP: 1/31 [orc/+0 mace (1)]
  1638 | D:2      | Slain by an orc wizard

Vault maps used:
D:1:      dpeg_arrival_erosion, nemelex_diamond_rough_becter
D:2:      lemuel_crystal_altar
D:3:      serial_glass, glass_columns_a, glass_columns_a, due_unseen_surprise,
          st_stairs_4

Skill      XL: |  1  2  3 |
---------------+----------+-----
Spellcasting   | 5 |  5.0
Invocations    | 1 |  1.0
Fighting       | |  4.5
Short Blades   | |  0.8
Long Blades    | |  4.5
Axes           | |  0.8
Maces & Flails | |  0.8
Polearms       | |  0.8
Staves         | |  0.8
Slings         | |  0.8
Bows           | |  0.8
Crossbows      | |  0.8
Throwing       | |  0.8
Armour         | |  2.6
Dodging        | |  4.5
Stealth        | |  0.8
Shields        | |  0.8
Unarmed Combat | |  0.8
Conjurations   | |  0.5
Hexes          | |  0.5
Charms         | |  5.4
Summonings     | |  0.5
Necromancy     | |  0.5
Translocations | |  0.5
Transmutations | |  0.5
Fire Magic     | |  0.5
Ice Magic      | |  0.5
Air Magic      | |  0.5
Earth Magic    | |  0.5
Poison Magic   | |  0.5
Evocations     | |  0.8

Action                   || total
-------------------------++-------
Melee: Falchion          ||    85
       Bite              ||    10
Throw: Stone             ||     1
 Cast: Regeneration      ||     2
       Shroud of Golubri ||     1
       Song of Slaying   ||     1
       Spectral Weapon   ||     1
  Use: Potion            ||     3
 Stab: Sleeping          ||     2
  Eat: Chunk             ||     2
Armor: Leather armour    ||    10
       Ring mail         ||    14
Dodge: Dodged            ||    71
       Rpst.: Falchion   ||    31

Table legend:
 A = Non-vault XP
 B = Vault XP
 C = Vault XP percentage of total XP
 D = Non-vault monster count
 E = Vault monster count
 F = Vault count percentage of total count
                 A         B        C        D         E       F
            +---------+---------+-------+---------+---------+-------
      Total |      59 |       0 |   0.0 |      28 |       0 |   0.0
            +---------+---------+-------+---------+---------+-------
        D:1 |      30 |       0 |   0.0 |      18 |       0 |   0.0
        D:2 |      25 |       0 |   0.0 |       8 |       0 |   0.0
        D:3 |       4 |       0 |   0.0 |       2 |       0 |   0.0
            +---------+---------+-------+---------+---------+-------
